 Dungeon Crawl Stone Soup version 0.30-a0-359-gd0147acb1a (webtiles) character file.

Game seed: 12459756416042751941

3290 experimilk the Destroyer (level 9, -2/62 HPs)
             Began as a Grey Draconian Conjurer on Nov 11, 2022.
             Was a Follower of Vehumet.
             Slain by an orc warrior
             ... wielding a +0 glaive
              (12 damage)
             ... in a bailey on Nov 12, 2022.
             The game lasted 00:25:05 (10496 turns).

experimilk the Destroyer (Grey Draconian Conjurer) Turns: 10496, Time: 00:25:06

Health: -2/62      AC: 12    Str: 10    XL:     9   Next: 69%
Magic:  9/18       EV: 12    Int: 23    God:    Vehumet [*.....]
Gold:   478        SH:  0    Dex:  9    Spells: 5/20 levels left

rFire   + . .      SeeInvis .    c - +0 whip
rCold   + . .      Faith    .    (no shield)
rNeg    . . .      Spirit   .    (body armour unavailable)
rPois   +          Reflect  .    (helmet restricted)
rElec   +          Harm     .    (no cloak)
rCorr   +          Rampage  .    (no gloves)
Will    .....                    (no boots)
Stlth   ++........               (no amulet)
HPRegen 0.30/turn                (no ring)
MPRegen 0.16/turn                (no ring)

@: resistant (expiring)
A: AC +12, amphibious, unfitting armour, cold-blooded
a: Renounce Religion


You were in a bailey.
You worshipped Vehumet.
Vehumet was aware of your devotion.
You visited 2 branches of the dungeon, and saw 9 of its levels.
You also visited: Bailey.

You collected 478 gold pieces.

Inventory:

Hand Weapons
 c - a +0 whip (weapon)
 y - a +4 mace of freezing
Wands
 a - a wand of mindburst (7)
 t - a wand of polymorph (10)
Scrolls
 b - 2 scrolls of fear
 d - 3 scrolls of enchant armour
 f - 4 scrolls of enchant weapon
 g - 3 scrolls of immolation
 h - 2 scrolls of teleportation
 i - a scroll of poison {unknown}
 j - a scroll of fog {unknown}
 n - a scroll of summoning {unknown}
 p - 2 scrolls of vulnerability
 s - a scroll of noise {unknown}
 u - a scroll of torment {unknown}
 B - a scroll of silence {unknown}
Potions
 e - a potion of flight {unknown}
 k - 3 potions of degeneration {unknown}
 l - 4 potions of might {unknown}
 m - 2 potions of resistance
 o - 3 potions of heal wounds {unknown}
 q - a potion of brilliance
 r - 2 potions of curing {unknown}
 v - a potion of berserk rage {unknown}
 x - 2 potions of magic
 z - a potion of attraction {unknown}
 A - 2 potions of cancellation {unknown}
 C - a potion of mutation {unknown}


   Skills:
 - Level 1.7 Dodging
 - Level 1.7 Stealth
 - Level 6.0 Spellcasting
 - Level 12.0 Conjurations
 + Level 4.6 Fire Magic


You had 5 spell levels left.
You knew the following spells:

 Your Spells              Type           Power      Damage    Failure   Level
a - Sticky Flame          Conj/Fire      45%        2d6       2%          4
b - Magic Dart            Conj           100%       1d8       1%          1
c - Flame Wave            Conj/Fire      45%        2d12      2%          4
d - Mephitic Cloud        Conj/Pois/Air  25%        N/A       4%          3
e - Foxfire               Conj/Fire      100%       2x1d9     1%          1
z - Searing Ray           Conj           100%       2d8       1%          2

Your spell library contained the following spells:

 Spells                   Type           Power      Damage    Failure   Level
 Shock                    Conj/Air       100%       1d9       1%          1
 Dazzling Flash           Conj/Hex       68%        N/A       2%          3
 Fulminant Prism          Conj/Hex       17%        3d11      7%          4
 Iskenderun's Mystic Bla  Conj/Tloc      34%        2d8       7%          4
 Slow                     Hex            24%        N/A       9%          1
 Inner Flame              Hex/Fire       17%        N/A       10%         3
 Cigotuvi's Dreadful Rot  Necr/Pois/Air  12%        N/A       13%         2
 Poisonous Vapours        Pois/Air       12%        N/A       13%         2
 Confusing Touch          Hex            6%         N/A       26%         3
 Swiftness                Air            6%         N/A       26%         3
 Vampiric Draining        Necr           6%         2d6       26%         3
 Airstrike                Air            3%         2d(1-17)  63%         4


Dungeon Overview and Level Annotations

Branches:
Dungeon (8/15)             Temple (1/1) D:6          Bailey (1/1)
   Lair: D:8-11

Altars:
Ashenzari
Cheibriados
Dithmenos
Fedhas
Gozag
Hepliaklqana
Kikubaaqudgha
Makhleb
Nemelex Xobeh
Okawaru
Qazlal
Ru
Sif Muna
Trog
Uskayaw
Vehumet
Wu Jian
Yredelemnul
Zin
The Shining One

Shops:
D:1 [


Innate Abilities, Weirdness & Mutations

Your dull iron-grey scales are very hard. (AC +12)
You are amphibious.
You cannot fit into any form of body armour.
You are cold-blooded and may be slowed by cold attacks.


Message History

The orc warrior is severely wounded.
The orc warrior no longer looks unusually strong.
The orc knight roars a battlecry!
The orc warrior goes into a battle-frenzy!
The orc warrior's inner flame fades away.
The orc no longer looks unusually strong.
The orc warrior no longer looks unusually strong.
The orc knight roars a battlecry!
The orcs go into a battle-frenzy!
The orc warrior hits you with a +0 spear.
The orc warrior hits you but does no damage.
You start to feel less resistant.
The orc warrior no longer looks unusually strong.
Casting: Foxfire (safe; 1% risk of failure)
Confirm with . or Enter, or press ? or * to list all spells.
Casting: Flame Wave (dangerous; 3% risk of failure)
Press: ? - help, Dir - look around, f - activate You feel a surge of power!
A wave of flame ripples out! (Press . to intensify the flame waves.)
You feel a little less clever now.
The orc no longer looks unusually strong.
The orc warrior hits you from afar with a +0 spear!
A wave of flame ripples out!
The flame wave engulfs the orc knight.
The orc knight is severely wounded.
The flame wave engulfs the orc warrior!
You kill the orc warrior!
Vehumet accepts your kill.
The orc knight roars a battlecry!
The orc goes into a battle-frenzy!
Training target 6.0 for Spellcasting reached!
Your Spellcasting skill increases to level 6!
A wave of flame ripples out!
The flame wave engulfs the orc knight.
The orc knight is severely wounded.
The flame wave engulfs the orc warrior!
The orc warrior is heavily wounded.
You finish channelling waves of flame.
The orc knight hits you from afar with a +0 halberd!!
* * * LOW HITPOINT WARNING * * *
The orc warrior hits you from afar with a +0 glaive!
You die...

############ #####
##.∩..)@)o..## ##.)..
#....))#.o.o.######.))o)
#.....###)o.o#....#).##o
#∩..)..8.....'....').8..
#...))###....#....#o.##.
#......#.....######..)..
##.∩........## ##....
############ #####


You could see an orc knight, 2 orc warriors and 2 orcs.

Vanquished Creatures
  4 yaks (D:8)
  2 steam dragons
  A water moccasin (D:6)
  A sky beast (D:7)
  5 orc warriors (Bailey)
  An ice beast (D:6)
  A centaur (D:7)
  An ogre (D:5)
  3 phantoms
  A bullfrog (D:7)
  A necrophage (D:6)
  2 scorpions (D:5)
  8 wights
  2 hounds (D:4)
  2 jellies
  2 orc priests (D:3)
  2 iguanas
  Natasha (twice) (D:2)
  An orc wizard (D:7)
  Terence (D:3)
  10 gnolls
  8 adders
  A shadow imp (D:6)
  2 white imps (D:6)
  2 worms
  3 dart slugs
  28 orcs
  11 ball pythons
  6 endoplasms
  5 giant cockroaches
  6 goblins
  4 hobgoblins
  9 jackals
  4 quokkas
  2 bats (D:1)
  3 frilled lizards
  5 kobolds
  5 rats
157 creatures vanquished.

Vanquished Creatures (others)
  14 foxfires (Bailey)
  A plant (D:1)
15 creatures vanquished.

Grand Total: 172 creatures vanquished

Notes
Turn   | Place    | Note
-------+----------+-------------------------------------------
     0 | D:1      | experimilk the Draconian Conjurer began the quest for the
                  | Orb.
     0 | D:1      | Reached XP level 1. HP: 14/14 MP: 3/3
   139 | D:1      | Reached XP level 2. HP: 20/20 MP: 3/5
   167 | D:1      | Learned a level 2 spell: Searing Ray
   554 | D:1      | Reached skill level 5 in Conjurations
   554 | D:1      | Reached XP level 3. HP: 26/26 MP: 1/6
   703 | D:1      | Learned a level 3 spell: Dazzling Flash
   869 | D:1      | Found Pirchiumu's Armour Shoppe.
  1648 | D:2      | Learned a level 3 spell: Mephitic Cloud
  1951 | D:2      | Found a faded altar of an unknown god.
  1961 | D:2      | Reached XP level 4. HP: 33/33 MP: 2/7
  2123 | D:2      | Noticed Natasha
  2126 | D:2      | Killed Natasha
  2127 | D:2      | Reached skill level 6 in Conjurations
  2289 | D:2      | Noticed Natasha
  2293 | D:2      | Killed Natasha
  2489 | D:2      | Found a snail-covered altar of Cheibriados.
  2758 | D:3      | Reached XP level 5. HP: 2/38 MP: 4/8
  3033 | D:3      | Noticed Terence
  3045 | D:3      | Killed Terence
  3046 | D:3      | Reached skill level 7 in Conjurations
  3297 | D:3      | Found a sparkling altar of Nemelex Xobeh.
  3357 | D:3      | You fall into a shaft and drop 1 floor!
  3538 | D:4      | Reached XP level 6. HP: 45/45 MP: 1/9
  4157 | D:3      | Found an ornate altar of the Wu Jian Council.
  4942 | D:4      | Reached skill level 8 in Conjurations
  5197 | D:5      | Entered Level 5 of the Dungeon
  5499 | D:5      | Your scales start taking on a dull iron-grey colour.
  5499 | D:5      | Reached XP level 7. HP: 50/50 MP: 2/10
  5786 | D:5      | Reached skill level 9 in Conjurations
  5960 | D:5      | Found an ancient bone altar of Kikubaaqudgha.
  5960 | D:5      | Found a basalt altar of Yredelemnul.
  5961 | D:5      | Found a glowing silver altar of Zin.
  6123 | D:5      | Found a stormy altar of Qazlal.
  6204 | D:5      | Found a shadowy altar of Dithmenos.
  6565 | D:5      | Learned a level 4 spell: Flame Wave
  6744 | D:6      | Reached skill level 10 in Conjurations
  6744 | D:6      | Reached XP level 8. HP: 39/57 MP: 0/11
  6891 | D:6      | Found a staircase to the Ecumenical Temple.
  6905 | Temple   | Entered the Ecumenical Temple
  7036 | Temple   | Became a worshipper of Vehumet
  8645 | D:7      | Reached skill level 11 in Conjurations
  8795 | D:7      | Learned a level 4 spell: Sticky Flame
  8811 | D:7      | Found a bloodstained altar of Trog.
  9167 | D:7      | Reached skill level 1 in Fire Magic
  9315 | D:7      | Reached XP level 9. HP: 45/62 MP: 6/15
  9937 | D:8      | Reached skill level 12 in Conjurations
 10145 | D:8      | Reached skill level 5 in Spellcasting
 10234 | D:8      | Found a flagged portal.
 10241 | Bailey   | Entered a bailey
 10354 | Bailey   | Reached * piety under Vehumet
 10354 | Bailey   | Offered knowledge of Foxfire by Vehumet.
 10430 | Bailey   | Learned a level 1 spell: Foxfire
 10455 | Bailey   | Noticed an orc knight
 10496 | Bailey   | Slain by an orc warrior

Illustrated notes

Levels and vault maps discovered:
D:1:      nzn_arrival_crosshair, layout_rooms, serial_shops, shop,
          serial_forest, infiniplex_forest_lined_3, infiniplex_forest_end_1,
          infiniplex_forest_clump_diagonal, infiniplex_forest_lined_corner,
          infiniplex_forest_clump_long, infiniplex_forest_side_room,
          st_stairs_10, minmay_door_square, minmay_pentomino_u4
D:2:      layout_rooms, nicolae_ecumenical_snake_handling, basic_altar,
          nrook_mini_backslash, uniq_natasha
D:3:      layout_loops_ring, nemelex_dance_club_becter,
          nicolae_wu_jian_immortal_techniques, minmay_misc_feat_plants,
          uniq_terence
D:4:      layout_cave_pods, serial_glass, glass_columns_c, glass_columns_a,
          glass_columns_a, glass_columns_a, glass_columns_a, glass_columns_b,
          glass_columns_a, glass_columns_a
D:5:      layout_loops_ring, mainiacjoe_overflow_alcove_2,
          grunt_temple_overflow_open, hangedman_minor_gate_pass
D:6:      layout_cave_pools, temple_fountains
D:7:      layout_cave_pods, mainiacjoe_overflow_catwalk
D:8:      layout_loops_ring, lemuel_coloured_pillars_altar, enter_bailey_2,
          lightli_ossuary_entry_decrepit_ruins
Temple:   minmay_temple_bridge_abc
Bailey:   bailey_polearm_5, bailey

Skill      XL: |  1  2  3  4  5  6  7  8  9 |
---------------+----------------------------+-----
Conjurations   | 5 6 7 8 10 11 12 | 12.0
Spellcasting   | 4 6 |  6.0
Fire Magic     | 1 4 |  4.6
Dodging        | |  1.7
Stealth        | |  1.7

Action                   |  1- 3 |  4- 6 |  7- 9 || total
-------------------------+-------+-------+-------++-------
Melee: Unarmed           |     5 |       |       ||     5
       Whip              |    32 |    13 |    14 ||    59
       Tailslap          |     1 |     1 |     3 ||     5
       Punch             |       |       |     1 ||     1
 Cast: Magic Dart        |    57 |    75 |    73 ||   205
       Searing Ray       |     7 |    26 |    42 ||    75
       Sticky Flame      |       |       |     2 ||     2
       Foxfire           |       |       |     9 ||     9
       Flame Wave        |       |       |     7 ||     7
Evoke: Wand              |       |     1 |       ||     1
  Use: Scroll            |     6 |     4 |     8 ||    18
       Potion            |       |     1 |     4 ||     5
Armor: Skin              |    17 |    13 |    25 ||    55
Dodge: Dodged            |    34 |    29 |    56 ||   119

Table legend: (Time is in decaauts)
 A = Elapsed time spent in this place.
 B = Non-inter-level travel time spent in this place.
 C = Inter-level travel time spent in this place.
 D = Time resting spent in this place.
 E = Time spent auto-exploring this place.
 F = Levels seen in this place.
 G = Mean time per level.
                   A        B        C        D        E       F      G
               +--------+--------+--------+--------+--------+-----+--------+
         Total |  10507 |  10350 |    157 |   3971 |   5137 |  10 | 1050.7 |
       Dungeon |   9777 |   9639 |    138 |   3529 |   5033 |   8 | 1222.1 |
        Temple |    474 |    455 |     19 |    318 |    104 |   1 |  474.0 |
        Bailey |    255 |    255 |      0 |    124 |      0 |   1 |  255.0 |
               +--------+--------+--------+--------+--------+-----+--------+

Top non-repeatable levels by time:
     D:7: 1739 daAuts
     D:4: 1568 daAuts
     D:1: 1489 daAuts
     D:6: 1275 daAuts
     D:5: 1227 daAuts
     D:3: 1223 daAuts
     D:2: 1124 daAuts
  Temple: 474 daAuts
  Bailey: 255 daAuts
     D:8: 129 daAuts
